 Dungeon Crawl Stone Soup version 0.28.0-53-g5a82cb258f (webtiles) character file.

Game seed: 8991231783869713557

178 raph the Cudgeller (level 5, -6/45 HPs)
             Began as a Minotaur Fighter on July 18, 2022.
             Succumbed to a kobold's poison
             ... on level 1 of the Dungeon.
             The game lasted 00:02:55 (2097 turns).

raph the Cudgeller (Minotaur Fighter)               Turns: 2097, Time: 00:02:55

Health: -6/45      AC: 11    Str: 21    XL:     5   Next: 32%
Magic:  4/4        EV:  5    Int:  5    God:
Gold:   33         SH:  4    Dex: 11    Spells: 4/4 levels left

rFire   . . .      SeeInvis .   g - +2 whip (elec)
rCold   . . .      Faith    .   c - +0 buckler
rNeg    . . .      Spirit   .   i - +0 plate armour
rPois   .          Reflect  .   (helmet restricted)
rElec   .          Harm     .   (no cloak)
rCorr   .          Rampage  .   (no gloves)
Will    .....                   (no boots)
Stlth   ..........              (no amulet)
HPRegen 0.15/turn               (no ring)
MPRegen 0.09/turn               (no ring)

@: lethally poisoned (-6 -> -28)
A: horns 2, retaliatory headbutt
a: no special abilities


You were on level 1 of the Dungeon.
You visited 1 branch of the dungeon, and saw 3 of its levels.

You collected 33 gold pieces.

Inventory:

Hand Weapons
 a - a +0 flail
 g - a +2 whip of electrocution (weapon)
Missiles
 k - 6 boomerangs (quivered)
Armour
 b - a +0 scale mail
 c - a +0 buckler (worn)
 i - a +0 plate armour (worn)
Scrolls
 e - 2 scrolls of immolation
Potions
 d - a potion of might


   Skills:
 - Level 3.6 Fighting
 + Level 6.8 Maces & Flails
 - Level 3.6 Armour
 - Level 3.6 Shields


You had 4 spell levels left.
You didn't know any spells.
Your spell library contained the following spells:

 Spells                   Type           Power      Damage    Failure   Level
 Sandblast                Erth           0%         2d4       100%        1
 Passwall                 Tmut/Erth      0%         N/A       100%        2
 Stone Arrow              Conj/Erth      0%         3d7       100%        3


Dungeon Overview and Level Annotations

Branches:
Dungeon (3/15)

Altars:

Shops:
D:2 (

Annotations:
D:2 Sigmund


Innate Abilities, Weirdness & Mutations

You have a pair of horns on your head.
You reflexively headbutt those who attack you in melee.


Message History

Lightning courses through the ball python!
You kill the ball python!
You feel very sick.
The frilled lizard bites you but does no damage.
The giant cockroach bites you but does no damage.
You closely miss the frilled lizard.
Your headbutt misses the frilled lizard.
You feel very sick. The kobold hits you but does no damage.
You are lethally poisoned!
You block the frilled lizard's attack.
The giant cockroach bites you but does no damage.
You are too injured to fight recklessly!
You are too injured to fight recklessly!
You feel very sick.
The kobold throws a stone.
The stone barely misses you.
The giant cockroach bites you but does no damage.
There is a stone staircase leading up here.
You closely miss the frilled lizard.
Your headbutt misses the frilled lizard.
* * * LOW HITPOINT WARNING * * *
You feel very sick.
The giant cockroach completely misses you.
The frilled lizard bites you but does no damage.
You miss the frilled lizard.
Your headbutt misses the frilled lizard.
* * * LOW HITPOINT WARNING * * *
You feel very sick.
The giant cockroach bites you but does no damage.
The kobold hits you with a +1 dagger of venom.
* * * LOW HITPOINT WARNING * * *
You are more poisoned.
The frilled lizard bites you.
* * * LOW HITPOINT WARNING * * *
* * * LOW HITPOINT WARNING * * *
You feel very sick. You block the giant cockroach's attack.
The kobold completely misses you.
The frilled lizard bites you but does no damage.
You climb upwards.
You die...

## ##(.#...#..#..#...#..#......
.# #.....#...#...#.......#.#.. .#
##........#........###.....
.#########.............####......
.........###.######.#..# ##...#.
#####.....#..# #....## ##.###
##......).######.#.## #.# #
#.........#......#.#### #.#
#.........#.#B@K.#....# ##'##
#.........#.#l#######.# ##...##
##.......##.#....#....###.....# #
#....†....#.##.#.#.#####.......
###..#...##.#.##.#.#.####........
+.......................'........
###....####.#.##.#...####........
# #.........#.......## ##.......
###.##########.#### ##.....#


You could see a giant cockroach, a kobold and a frilled lizard.

Vanquished Creatures
  A scorpion (D:2)
  An orc priest (D:3)
  An orc wizard (D:3)
  A worm (D:3)
  4 orcs (D:3)
  4 ball pythons
  8 endoplasms
  3 giant cockroaches
  3 goblins
  6 hobgoblins
  8 kobolds
  4 quokkas (D:1)
  2 bats (D:3)
  A frilled lizard (D:1)
  8 rats
55 creatures vanquished.

Notes
Turn   | Place    | Note
-------+----------+-------------------------------------------
     0 | D:1      | raph the Minotaur Fighter began the quest for the Orb.
     0 | D:1      | Reached XP level 1. HP: 19/19 MP: 0/0
   214 | D:1      | Reached skill level 3 in Maces & Flails
   295 | D:1      | Reached XP level 2. HP: 24/26 MP: 1/1
   837 | D:1      | Reached skill level 4 in Maces & Flails
  1076 | D:2      | You fall into a shaft and drop 1 floor!
  1123 | D:3      | Reached XP level 3. HP: 29/31 MP: 2/2
  1429 | D:3      | Reached skill level 5 in Maces & Flails
  1429 | D:3      | Reached XP level 4. HP: 36/39 MP: 3/3
  1631 | D:3      | Reached skill level 6 in Maces & Flails
  1773 | D:2      | Found Jumethug's Weapon Emporium.
  1947 | D:2      | Found a faded altar of an unknown god.
  1952 | D:2      | Noticed a scorpion
  1958 | D:2      | Killed a scorpion
  1959 | D:2      | Reached XP level 5. HP: 45/45 MP: 4/4
  2019 | D:2      | Noticed Sigmund
  2096 | D:2      | HP: 1/45 [poisoned by a kobold]
  2097 | D:1      | Succumbed to a kobold's poison

Illustrated notes

Levels and vault maps discovered:
D:1:      minmay_arrival_radiant_lines, layout_loops_corners
D:2:      layout_loops_ring, serial_shops, nicolae_shop_statue_plus,
          nicolae_shop_crystal, nicolae_shop_waterfront,
          hellmonk_ecumenical_altar_crossroads, grunt_decor_mini_mirrors,
          uniq_natasha, uniq_sigmund
D:3:      layout_loops_cross, nrook_mini_backslash, chequers_mini_garden,
          minmay_crystal_room, minmay_cut_off

Skill      XL: |  1  2  3  4 |
---------------+-------------+-----
Maces & Flails | 3 4 5 6 |  6.8
Fighting       | |  3.6
Armour         | |  3.6
Shields        | |  3.6

Action                   |  1- 3 |  4- 6 || total
-------------------------+-------+-------++-------
Melee: Flail             |    26 |       ||    26
       Whip              |    47 |    41 ||    88
       Headbutt          |    10 |     4 ||    14
  Use: Scroll            |     1 |     2 ||     3
       Potion            |     1 |     1 ||     2
Armor: Scale mail        |    31 |     6 ||    37
       Plate armour      |       |    23 ||    23
Dodge: Dodged            |    20 |    13 ||    33
Block: Buckler           |    12 |     6 ||    18
